 Dungeon Crawl Stone Soup version 0.32-a0-314-g526f7d4 (webtiles) character file.

Game seed: 14106763662523915817

876 edsrzf the Chopper (level 7, -2/55 HPs)
             Began as a Mountain Dwarf Reaver on Feb 15, 2024.
             Was a Follower of Beogh.
             Slain by a water moccasin (6 damage)
             ... on level 5 of the Dungeon.
             The game lasted 00:11:53 (3992 turns).

edsrzf the Chopper (Mountain Dwarf Reaver)          Turns: 3992, Time: 00:11:53

Health: -2/55      AC:  7    Str: 14 (17) XL:     7   Next: 74%
Magic:  20/20      EV: 11    Int: 12 (13) God:    Beogh [*.....]
Gold:   214        SH:  0    Dex:  6 (8)  Spells: 9/12 levels left

rFire   . . .        a - +0 hand axe
rCold   . . .        (no shield)
rNeg    . . .        l - +2 robe {Will+}
rPois   +            (no helmet)
rElec   .            j - +0 cloak
rCorr   .            i - +1 pair of gloves
SInv    .            (no boots)
Will    +....        (no amulet)
Stlth   +            f - ring of magical power
HPRegen 0.29/turn    n - ring of poison resistance
MPRegen 0.17/turn

%: no passive effects
@: lethally poisoned (-2 -> -4), invisible
A: runic magic, artefact enchanting
a: Renounce Religion


You were on level 5 of the Dungeon.
You worshipped Beogh.
Beogh was aware of your devotion.
You visited 1 branch of the dungeon, and saw 5 of its levels.

You collected 214 gold pieces.

Inventory:

Hand Weapons
 a - a +0 hand axe (weapon)
Missiles
 d - 16 poisoned darts
Armour
 i - a +1 pair of gloves (worn)
 j - a +0 cloak (worn)
 l - a +2 robe of willpower (worn)
Jewellery
 f - a ring of magical power (left hand)
 n - a ring of poison resistance (right hand)
Scrolls
 b - 2 scrolls of identify {@r1}
 h - a scroll of teleportation {@r3}
 k - a scroll of fear {unknown}
 m - a scroll of noise {unknown}
 o - 2 scrolls of immolation {unknown}
Potions
 c - a potion of mutation {!q}


   Skills:
 - Level 2.1 Fighting
 + Level 7.0 Axes
 - Level 1.3 Dodging
 - Level 3.2 Spellcasting
 - Level 4.1 Conjurations
 - Level 3.0 Necromancy
 - Level 2.4 Invocations
 + Level 4.1 Evocations


You had 9 spell levels left.
You knew the following spells:

 Your Spells              Type           Power      Damage    Failure   Level
a - Kiss of Death         Conj/Necr      40%        2d8       5%          1
b - Momentum Strike       Conj/Tloc      12%        3d8       16%         2

Your spell library contained the following spells:

 Spells                   Type           Power      Damage    Failure   Level
 Hailstorm                Conj/Ice       6%         3d5       30%         3


Dungeon Overview and Level Annotations

Branches:
Dungeon (5/15)
 Temple: D:4-7

Altars:
Kikubaaqudgha


Innate Abilities, Weirdness & Mutations

Your spellcasting is much less encumbered by armour.
You can use scrolls of enchantment on lesser artefacts.


Message History

The vampire bat closely misses you.
You slash the vampire bat!
The vampire bat is severely damaged.
The vampire bat bites you but does no damage. x2
The vampire bat bites you but does no damage. x2
You barely miss the vampire bat.
The vampire bat is severely damaged.
The vampire bat bites you but does no damage.
The vampire bat closely misses you.
There is a dry fountain here.
You closely miss the vampire bat.
The vampire bat is heavily damaged.
The vampire bat closely misses you.
You closely miss the vampire bat.
The vampire bat is heavily damaged.
The vampire bat closely misses you.
You barely miss the vampire bat.
The vampire bat is heavily damaged.
The vampire bat bites you but does no damage.
The vampire bat barely misses you. The vampire bat closely misses you.
You miss the vampire bat.
The vampire bat is heavily damaged.
The vampire bat bites you.
The vampire bat draws strength from your injuries!
The vampire bat bites you.
The vampire bat draws strength from your injuries!
The vampire bat barely misses you.
You miss the vampire bat.
The vampire bat is moderately damaged.
The vampire bat bites you but does no damage.
The vampire bat closely misses you.
You slash the vampire bat!
The vampire bat is almost destroyed.
The vampire bat bites you but does no damage.
The vampire bat bites you but does no damage.
The vampire bat bites you but does no damage.
You hit the vampire bat.
You destroy the vampire bat!
Beogh accepts your kill.
Your Axes skill increases to level 7!
Your Evocations skill increases to level 4!
There is an open gate here.
You see here a jackal corpse.
Done exploring.
Done exploring.
You see here a +0 sling.
There is a stone staircase leading down here.
You climb downwards.
The water moccasin hisses angrily.
The ogre shouts!
Found 10 gold pieces.
Found a stone staircase leading down.
There is a stone staircase leading up here.
There are monsters nearby!
Found 16 gold pieces.
An ogre comes into view. It is wielding a +0 giant spiked club.
The ogre shouts!
You hit the water moccasin.
The water moccasin is lightly wounded.
The water moccasin closely misses you.
You hit the water moccasin.
The water moccasin is moderately wounded.
The water moccasin completely misses you.
You slash the water moccasin!
The water moccasin is heavily wounded.
The water moccasin bites you.
You are poisoned.
The water moccasin poisons you! The water moccasin bites you.
You miss the water moccasin.
The water moccasin is heavily wounded.
You feel very sick. The water moccasin barely misses you.
You hit the water moccasin.
The water moccasin is severely wounded.
You feel sick.
The water moccasin bites you but does no damage.
You hit the water moccasin.
The water moccasin is almost dead.
You barely miss the ogre.
You feel sick. The water moccasin closely misses you.
The ogre hits you with a +0 giant spiked club!!
Ouch! That really hurt!
* * * LOW HITPOINT WARNING * * *
The water moccasin closely misses you.
Okay, then.
Okay, then.
Okay, then.
It was a potion of invisibility.
You fade into invisibility!
You feel sick.
The water moccasin bites you but does no damage.
The ogre closely misses you.
It was a potion of degeneration.
There was something very wrong with that liquid.
You feel weakened.
You feel dopey.
You feel clumsy.
You feel sick. The water moccasin bites you.
* * * LOW HITPOINT WARNING * * *
You barely miss the ogre. You miss the water moccasin.
You feel sick. The water moccasin bites you.
* * * LOW HITPOINT WARNING * * *
The ogre barely misses you. The water moccasin bites you.
You die...

. .. ... .### ....
..... .....
.....########......
.........OS@.......
........###O......
>####....###.......
.......<$.......$..
.#####O..###.......
#...# ....... ....#
#...... ##...#
...... #...#


You could see a water moccasin (unable to see you) and 2 ogres.

Vanquished Creatures
  Grinder (D:4)
  An orc warrior (D:4)
  A phantom (D:4)
  A scorpion (D:4)
  3 vampire bats (D:4)
  A jelly (D:4)
  2 orc priests (D:4)
  2 orc wizards (D:3)
  2 adders
  3 dart slugs
  2 ribbon worms
  15 orcs
  A bat skeleton (D:4)
  4 bat zombies (D:4)
  7 endoplasms
  6 giant cockroaches
  6 goblins
  3 hobgoblins
  3 jackals (D:4)
  4 quokkas
  6 ball pythons
  4 bats
  5 frilled lizards
  5 kobolds
  4 rats
92 creatures vanquished.

Notes
Turn   | Place    | Note
-------+----------+-------------------------------------------
     0 | D:1      | edsrzf the Mountain Dwarf Reaver began the quest for the
                  | Orb.
     0 | D:1      | Reached XP level 1. HP: 17/17 MP: 3/3
   334 | D:1      | Reached skill level 4 in Axes
   386 | D:1      | Reached XP level 2. HP: 16/24 MP: 4/4
   840 | D:2      | Reached skill level 2 in Spellcasting
   848 | D:2      | Reached skill level 3 in Conjurations
   906 | D:2      | Reached XP level 3. HP: 19/29 MP: 6/6
  1404 | D:2      | Identified a scroll of revelation
  1407 | D:2      | Identified a scroll of enchant armour
  1631 | D:2      | Became a worshipper of Beogh the Shepherd
  1691 | D:2      | Reached XP level 4. HP: 34/36 MP: 7/7
  2050 | D:3      | Reached skill level 3 in Spellcasting
  2675 | D:4      | Noticed Grinder
  2678 | D:4      | Paralysed by Grinder for 2 turns
  2681 | D:4      | Identified 2 potions of curing
  2688 | D:4      | Reached skill level 4 in Conjurations
  2688 | D:4      | Reached XP level 5. HP: 16/37 MP: 9/9
  2692 | D:4      | Noticed a phantom
  2694 | D:4      | Identified 2 potions of heal wounds
  2719 | D:4      | Reached * piety under Beogh
  2720 | D:4      | Reached skill level 1 in Necromancy
  2730 | D:4      | Killed a phantom
  2731 | D:4      | Reached skill level 3 in Necromancy
  2731 | D:4      | Identified 3 scrolls of identify
  2731 | D:4      | Identified a potion of mutation
  2732 | D:4      | Identified a potion of haste
  2734 | D:4      | Identified a scroll of teleportation
  2780 | D:4      | Reached skill level 2 in Invocations
  2780 | D:4      | Reached XP level 6. HP: 18/48 MP: 10/10
  2948 | D:3      | Reached skill level 5 in Axes
  2952 | D:3      | Learned a level 2 spell: Momentum Strike
  3046 | D:4      | Noticed an orc warrior
  3053 | D:4      | Killed an orc warrior
  3054 | D:4      | Reached skill level 1 in Evocations
  3279 | D:4      | Reached skill level 2 in Evocations
  3279 | D:4      | Reached XP level 7. HP: 21/55 MP: 11/11
  3286 | D:4      | Killed Grinder
  3287 | D:4      | Reached skill level 6 in Axes
  3287 | D:4      | Reached skill level 3 in Evocations
  3845 | D:4      | Found an ancient bone altar of Kikubaaqudgha.
  3893 | D:4      | Reached skill level 7 in Axes
  3893 | D:4      | Reached skill level 4 in Evocations
  3978 | D:5      | Entered Level 5 of the Dungeon
  3990 | D:5      | Identified a potion of invisibility
  3991 | D:5      | Identified a potion of degeneration
  3992 | D:5      | Slain by a water moccasin

Illustrated notes

Levels and vault maps discovered:
D:1:      minmay_arrival_cross, layout_basic
D:2:      layout_basic, minmay_tiny_reverse_x
D:3:      layout_basic, nrook_mini_vaults, st_stairs_3
D:4:      cheibrodos_pilgrimage, layout_cave_pools, kennysheep_vampire_church,
          serial_library_regret_index_branch_corner, uniq_grinder
D:5:      layout_rooms, nicolae_wu_jian_immortal_techniques,
          minmay_temple_entry_trees, uniq_edmund

Skill      XL: |  1  2  3  4  5  6  7 |
---------------+----------------------+-----
Axes           | 4 5 7 |  7.0
Spellcasting   | 2 3 |  3.2
Conjurations   | 3 4 |  4.1
Necromancy     | 3 |  3.0
Invocations    | 2 |  2.4
Evocations     | 2 4 |  4.1
Fighting       | |  2.1
Dodging        | |  1.3

Action                     |  1- 3 |  4- 6 |  7- 9 || total
---------------------------+-------+-------+-------++-------
  Melee: Hand axe          |    95 |   164 |   100 ||   359
  Throw: Dart              |     2 |     7 |       ||     9
   Cast: Kiss of Death     |       |     2 |       ||     2
 Invoke: Convert to Beogh  |     1 |       |       ||     1
  Evoke: Wand              |       |     9 |     4 ||    13
    Use: Scroll            |     2 |     3 |       ||     5
         Potion            |       |     5 |     2 ||     7
 Armour: Leather armour    |    64 |    28 |       ||    92
         Robe              |       |    92 |   101 ||   193
  Dodge: Dodged            |    81 |    95 |   104 ||   280

Table legend: (Time is in decaauts)
 A = Elapsed time spent in this place.
 B = Non-inter-level travel time spent in this place.
 C = Inter-level travel time spent in this place.
 D = Time resting spent in this place.
 E = Time spent auto-exploring this place.
 F = Levels seen in this place.
 G = Mean time per level.
                   A        B        C        D        E       F      G
               +--------+--------+--------+--------+--------+-----+--------+
         Total |   3992 |   3851 |    141 |    662 |   2319 |   5 |  798.4 |
       Dungeon |   3992 |   3851 |    141 |    662 |   2319 |   5 |  798.4 |
               +--------+--------+--------+--------+--------+-----+--------+

Top non-repeatable levels by time:
     D:4: 1177 daAuts
     D:2: 1004 daAuts
     D:3: 968 daAuts
     D:1: 827 daAuts
     D:5: 13 daAuts
